 Dungeon Crawl Stone Soup version 0.19.0-11-g3fc08b3 (webtiles) character file.

8118 Chiseanne the Fighter (level 11, -4/153 HPs)
             Began as a Centaur Venom Mage on Nov 8, 2016.
             Was a Believer of Trog.
             Slain by a moth of wrath (shapeshifter) (13 damage)
             ... on level 10 of the Dungeon.
             The game lasted 00:33:53 (10942 turns).

Chiseanne the Fighter (Centaur Venom Mage)         Turns: 10942, Time: 00:33:54

Health: -4/153     AC: 14    Str: 23    XL:     11   Next: 5%
Magic:  23/23      EV:  9    Int: 21    God:    Trog [**....]
Gold:   485        SH:  0    Dex:  9    Spells: 1 memorised, 12 levels left

rFire  . . .     SeeInvis .     a - +9 rapier "Dixuh" {vamp, *Noise Int+5}
rCold  + . .     Gourm    .     O - +0 scale mail
rNeg   + . .     Faith    .     (no shield)
rPois  .         Spirit   .     B - +1 helmet
rElec  .         Reflect  .     D - +1 cloak
rCorr  .         Harm     .     G - +0 pair of gloves
MR     +....                    (no barding)
Stlth  ..........               x - amulet of regeneration
                                S - ring "Qit Err" {rN+ MR+ MP+9 Str+7 Dex-2}
                                s - ring of protection from cold

@: berserking (expiring), drained, very quick
A: hooves 3, deformed body, speed 2, tough skin 3
a: Berserk, Trog's Hand, Burn Spellbooks, Renounce Religion


You were on level 10 of the Dungeon.
You worshipped Trog.
Trog was pleased with you.
You were near starving.

You visited 2 branches of the dungeon, and saw 11 of its levels.

You collected 534 gold pieces.
You spent 49 gold pieces at shops.

Inventory:

Hand Weapons
 a - the +9 rapier "Dixuh" (weapon) {vamp, *Noise Int+5}
   (You found it on level 6 of the Dungeon)

   It inflicts no extra harm, but heals its wielder when it wounds a living foe.
   It affects your intelligence (+5).
   It may make noises in combat.
 q - a +0 broad axe
 t - a +2 falchion of flaming
 K - a +3 falchion of freezing
Missiles
 d - 3 tomahawks (quivered)
 k - 264 stones
 l - 154 arrows
 r - 31 poisoned needles
 v - 92 sling bullets
 y - 2 throwing nets
 C - 39 bolts
Armour
 B - a +1 helmet (worn)
 D - a +1 cloak (worn)
 G - a +0 pair of gloves (worn)
 O - a +0 scale mail (worn)
Jewellery
 s - a ring of protection from cold (left hand)
 x - an amulet of regeneration (around neck)
 F - an uncursed ring of resist corrosion
 P - the amulet "Oppyufup" {Inacc +Blink rF+}
   (You found it on level 8 of the Dungeon)

   [amulet of inaccuracy]

   It reduces the accuracy of all your attacks.
   It protects you from fire.
   It lets you blink.
 S - the ring "Qit Err" (right hand) {rN+ MR+ MP+9 Str+7 Dex-2}
   (You found it on level 9 of the Dungeon)

   [ring of magical power]

   It affects your strength (+7).
   It affects your dexterity (-2).
   It protects you from negative energy.
   It affects your resistance to hostile enchantments.
   It affects your magic capacity (+9).
Wands
 e - a wand of disintegration (0/24)
 L - a wand of slowing (21/48)
 M - a wand of slowing (22/48)
 T - a wand of flame (4/48)
Scrolls
 g - 2 scrolls of teleportation
 h - 5 scrolls of remove curse
 j - 5 scrolls of magic mapping
 H - 2 scrolls of fear
 I - 2 scrolls of enchant weapon
 U - 2 scrolls of fog
Potions
 b - a potion of ambrosia {unknown}
 f - a potion of curing {unknown}
 i - a potion of agility
 m - a potion of cancellation
 n - 2 potions of might {unknown}
 o - a potion of cure mutation {unknown}
 p - 2 potions of magic {unknown}
 u - 2 potions of heal wounds
 z - 2 potions of flight {unknown}
 J - 2 potions of lignification {unknown}
 N - 2 potions of haste {unknown}
 V - a potion of mutation {unknown}
Comestibles
 c - 7 bread rations
 A - 4 meat rations
 E - 2 beef jerkies
 Q - 13 fruits
 R - 5 slices of pizza


   Skills:
 * Level 11.1(10.1) Fighting
 * Level 8.5(7.5) Armour
 - Level 3.5(2.7) Dodging
 - Level 1.1(0.3) Stealth
 - Level 2.6(1.8) Spellcasting
 - Level 2.7(1.9) Conjurations
 - Level 1.3(0.5) Air Magic
 - Level 3.5(2.7) Poison Magic


You had 12 spell levels left.
You knew the following spells:

 Your Spells              Type           Power        Failure   Level  Hunger
c - Mephitic Cloud        Conj/Pois/Air  #.......     56%         3    ###....


Dungeon Overview and Level Annotations

Branches:
Dungeon (10/15)            Temple (1/1) D:6            Lair (0/6) D:8
    Orc: D:9-12

Altars:
Ashenzari
Cheibriados
Dithmenos
Elyvilon
Fedhas
Gozag
Hepliaklqana
Kikubaaqudgha
Makhleb
Nemelex Xobeh
Okawaru
Qazlal
Ru
Sif Muna
Trog
Uskayaw
Vehumet
Xom
Yredelemnul
Zin
The Shining One

Shops:
D:4 [   D:6 *   D:8 (   D:9 %


Innate Abilities, Weirdness & Mutations

You have hooves in place of feet.
Armour fits poorly on your strangely shaped body.
You cover ground very quickly.
You have extremely tough skin. (AC +3)


Message History

The komodo dragon bites you but does no damage.
You hit the komodo dragon. You kick the komodo dragon.
The komodo dragon is severely wounded.
The hippogriff bites you but does no damage.
The hippogriff barely misses you. The hippogriff claws you!
* * * LOW HITPOINT WARNING * * *
You puncture the komodo dragon! Your kick misses the komodo dragon.
The komodo dragon is almost dead.
The hippogriff bites you!
* * * LOW HITPOINT WARNING * * *
The hippogriff pecks you but does no damage.
The hippogriff claws you.
* * * LOW HITPOINT WARNING * * *
The komodo dragon bites you!
* * * LOW HITPOINT WARNING * * *
You puncture the komodo dragon!
You kill the komodo dragon!
Trog accepts your kill. The moth of wrath bites you!
You die...

#################
.......<.........
........†@H......
........y))......
.................
.................
........[........
.................
............!....
...............


You could see a moth of wrath and a hippogriff (berserk).

Vanquished Creatures
  A hydra (D:9)
  Erolcha (D:9)
  A komodo dragon (D:10)
  A two-headed ogre (D:7)
  Prince Ribbit (D:9)
  A hippogriff (D:7)
  2 dream sheep (D:9)
  4 yaks
  A wyvern (D:8)
  Eustachio (D:5)
  Grum (D:9)
  A hungry ghost (D:7)
  3 orc warriors
  3 sky beasts
  2 ice beasts
  2 black bears
  A necrophage (D:6)
  4 ogres
  3 wolves (D:9)
  A phantom (D:9)
  A crocodile (D:8)
  A centaur (D:5)
  4 bullfrogs
  3 big kobolds (D:9)
  A wyvern zombie (D:9)
  12 wights
  5 howler monkeys
  2 crimson imps
  3 bullfrog zombies
  4 jellies
  Crazy Yiuf (D:2)
  5 hounds
  An iguana (D:9)
  2 centaur skeletons
  4 worker ants
  An orc wizard (D:7)
  A hound skeleton (D:7)
  15 gnolls
  4 river rats (D:8)
  16 adders
  A shadow imp (D:9)
  An adder skeleton (D:9)
  A worm (D:3)
  4 dart slugs
  11 leopard geckos
  18 orcs
  6 giant cockroaches
  10 goblins
  7 hobgoblins
  17 jackals
  6 kobolds
  6 quokkas
  2 ball pythons
  24 bats
  2 frilled lizards (D:1)
  18 rats
  4 fungi (D:8)
  2 plants (D:8)
261 creatures vanquished.

Vanquished Creatures (others)
  A two-headed ogre (D:7)
  2 fungi (D:8)
  A plant (D:9)
4 creatures vanquished.

Grand Total: 265 creatures vanquished

Notes
Turn   | Place    | Note
-------+----------+-------------------------------------------
     0 | D:1      | Chiseanne the Centaur Venom Mage began the quest for the Orb.
     0 | D:1      | Reached XP level 1. HP: 14/14 MP: 3/3
   509 | D:1      | Reached XP level 2. HP: 22/22 MP: 1/4
  1104 | D:1      | Reached skill level 1 in Fighting
  1605 | D:2      | Reached skill level 1 in Conjurations
  1692 | D:2      | Reached XP level 3. HP: 27/28 MP: 2/5
  2439 | D:2      | Reached XP level 4. HP: 34/35 MP: 1/7
  2762 | D:2      | Learned a level 3 spell: Dazzling Spray
  2788 | D:2      | Found a runed door.
  3079 | D:2      | Noticed Crazy Yiuf
  3181 | D:2      | Reached skill level 2 in Fighting
  3587 | D:2      | Killed Crazy Yiuf
  3587 | D:2      | Reached XP level 5. HP: 20/42 MP: 1/8
  3762 | D:2      | Learned a level 3 spell: Mephitic Cloud
  3881 | D:3      | Found a shadowy altar of Dithmenos.
  4286 | D:3      | Reached skill level 1 in Air Magic
  4943 | D:4      | Reached XP level 6. HP: 50/50 MP: 4/9
  5061 | D:4      | Found Keish's Armour Shop.
  5068 | D:4      | Bought a +0 pair of gloves for 49 gold pieces
  5276 | D:4      | Found a sparkling altar of Nemelex Xobeh.
  5356 | D:4      | Identified the Disquisition on the Feathery Entourage
  5450 | D:4      | Noticed an ice beast
  5455 | D:4      | Killed an ice beast
  5455 | D:4      | Reached skill level 3 in Fighting
  5455 | D:4      | Reached skill level 1 in Armour
  5603 | D:5      | Entered Level 5 of the Dungeon
  5609 | D:5      | Reached XP level 7. HP: 57/57 MP: 10/10
  6006 | D:5      | Noticed Eustachio
  6089 | D:5      | Killed Eustachio
  6089 | D:5      | Reached skill level 4 in Fighting
  6486 | D:6      | Found Alostiso's General Store.
  6520 | D:6      | Found a stormy altar of Qazlal.
  6561 | D:6      | Found a glowing golden altar of the Shining One.
  6679 | D:6      | Reached XP level 8. HP: 67/67 MP: 11/11
  6732 | D:6      | Got a steaming rapier
  6738 | D:6      | Identified the +9 rapier "Dixuh" {vamp, *Noise Int+5} (You found it on level 6 of the Dungeon)
  6801 | D:6      | Found a basalt altar of Yredelemnul.
  6817 | D:6      | Reached skill level 5 in Fighting
  6835 | D:6      | Found a staircase to the Ecumenical Temple.
  6852 | Temple   | Entered the Ecumenical Temple
  6872 | Temple   | Became a worshipper of Trog the Wrathful
  7317 | D:7      | Noticed a two-headed ogre
  7370 | D:7      | Reached skill level 6 in Fighting
  7389 | D:7      | Reached * piety under Trog
  7398 | D:7      | Noticed a hippogriff
  7414 | D:7      | Killed a hippogriff
  7549 | D:7      | Reached XP level 9. HP: 78/78 MP: 12/12
  7566 | D:7      | Reached skill level 7 in Fighting
  7566 | D:7      | Reached skill level 5 in Armour
  8160 | D:8      | Found Joepuac's Weapon Emporium.
  8263 | D:8      | Reached skill level 8 in Fighting
  8411 | D:8      | Reached ** piety under Trog
  8827 | D:8      | Got a fine bronze amulet
  8858 | D:8      | Reached skill level 9 in Fighting
  8906 | D:8      | Identified the amulet "Oppyufup" {Inacc +Blink rF+} (You found it on level 8 of the Dungeon)
  9081 | D:8      | Found a staircase to the Lair.
  9092 | D:8      | Reached XP level 10. HP: 58/91 MP: 13/13
  9167 | D:9      | Found Laly's Food Boutique.
  9297 | D:9      | Noticed Erolcha
  9302 | D:9      | Noticed Prince Ribbit
  9405 | D:9      | Killed Erolcha
  9494 | D:9      | Got a flickering jade ring
  9555 | D:9      | Noticed Grum
  9960 | D:9      | Identified the ring "Qit Err" {rN+ MR+ MP+9 Str+7 Dex-2} (You found it on level 9 of the Dungeon)
 10021 | D:9      | Killed Grum
 10021 | D:9      | Reached skill level 10 in Fighting
 10027 | D:9      | Killed Prince Ribbit
 10089 | D:9      | Noticed a two-headed hydra
 10139 | D:9      | Killed a two-headed hydra
 10420 | D:9      | Reached skill level 11 in Fighting
 10551 | D:9      | Reached XP level 11. HP: 61/102 MP: 14/14
 10921 | D:10     | Entered Level 10 of the Dungeon
 10942 | D:10     | Slain by a moth of wrath (shapeshifter)

Skill      XL: |  1  2  3  4  5  6  7  8  9 10 |
---------------+-------------------------------+-----
Fighting       | 1 2 3 4 6 9 11 | 11.1
Conjurations   | 1 2 |  2.7
Dodging        | 2 3 |  3.5
Spellcasting   | 2 |  2.6
Air Magic      | 1 |  1.3
Armour         | 1 2 4 6 8 |  8.5
Stealth        | |  1.1
Poison Magic   | |  3.5

Action                   |  1- 3 |  4- 6 |  7- 9 | 10-12 || total
-------------------------+-------+-------+-------+-------++-------
Melee: Unarmed           |     2 |       |       |       ||     2
       Club              |    21 |    28 |       |       ||    49
       Kick              |       |    20 |    75 |    58 ||   153
       Quarterstaff      |       |    78 |    77 |       ||   155
       Rapier            |       |       |   326 |   227 ||   553
Throw: Tomahawk          |       |       |     3 |     6 ||     9
 Cast: Sting             |    74 |   122 |    13 |       ||   209
       Dazzling Spray    |       |     2 |     3 |       ||     5
       Mephitic Cloud    |       |       |     4 |       ||     4
Invok: Burn Spellbooks   |       |       |     3 |       ||     3
       Berserk           |       |       |     2 |     7 ||     9
       Trog's Hand       |       |       |       |    11 ||    11
Evoke: Wand              |       |       |    10 |    16 ||    26
  Use: Scroll            |     2 |     6 |     9 |     6 ||    23
       Potion            |       |       |     5 |       ||     5
 Stab: Petrified         |       |       |     2 |       ||     2
       Invisible         |       |       |     1 |       ||     1
  Eat: Chunk             |     5 |    11 |    11 |    10 ||    37
       Bread ration      |       |       |     2 |       ||     2
       Pizza             |       |       |     1 |     2 ||     3
       Beef jerky        |       |       |     1 |       ||     1
       Fruit             |       |       |       |     1 ||     1
Armor: Robe              |    15 |    70 |   133 |       ||   218
       Ring mail         |       |       |   115 |       ||   115
       Scale mail        |       |       |    55 |   205 ||   260
Dodge: Dodged            |    35 |    83 |   329 |   169 ||   616
